 Dungeon Crawl Stone Soup version 0.31-a0-1169-gd935f9f (webtiles) character file.

Game seed: 8946741185892153863

2135588 EngineV8 the Slayer (level 27, 300/300 HPs)
             Began as a Human Shapeshifter on Dec 9, 2023.
             Was the Champion of Ru.
             Escaped with the Orb
             ... and 4 runes on Dec 10, 2023!
             The game lasted 04:00:16 (78115 turns).

EngineV8 the Slayer (Human Shapeshifter)           Turns: 78115, Time: 04:00:16

Health: 300/300    AC: 30    Str: 22    XL:     27
Magic:  29/29      EV: 30    Int: 24    God:    Ru [******]
Gold:   651        SH: 32    Dex: 25    Spells: 36/46 levels left

rFire   + +          .
                       - Unarmed
rCold   + + .        Z - +8 tower shield
rNeg    + + .        V - melded +1 ring mail {rC+}
rPois   ∞            O - +1 hat of Rotation {Rampage rElec Int+6}
rElec   +            W - scarf of Jogeut {rC+ rF+, rPois}
rCorr   +            f - melded +2 pair of gloves
SInv    .            F - melded +2 pair of boots {rampage}
Will    ++...        c - amulet of Vitality {RegenMP++ Regen++}
Stlth   ++           U - ring "Roisaymi" {rPois rF+ rN+ Str+3 Int+6}
HPRegen 2.30/turn    x - ring "Seudwucs" {Drain rC+ rCorr Dex+6}
MPRegen 1.01/turn

%: rampage
@: statue-form, studying 2 skills, very slow
A: slow and powerful, torment resistance 1, boosted hp, low MP 2, inability to
drink after injury 2, inability to use devices, hated by all, inability to train
armour, talons 1, clumsy 1, deterioration 1, evolution 1
0: Orb of Zot
}: 4/15 runes: decaying, slimy, silver, gossamer
a: Begin Untransformation, Renounce Religion, Draw Out Power, Power Leap,
Apocalypse


You escaped.
You worshipped Ru.
Ru was exalted by your worship.
You were a living statue of rough stone.
You visited 11 branches of the dungeon, and saw 53 of its levels.
You also visited: Sewer, Gauntlet and Ice Cave.

You collected 7518 gold pieces.
You spent 6867 gold pieces at shops.

Inventory:

Missiles
 l - 8 silver javelins
 o - 5 throwing nets {!f}
 H - 32 boomerangs
 Q - 40 javelins
 T - 5 curare-tipped darts {!f}
 Y - 5 darts of dispersal
Armour
 f - a +2 pair of gloves (melded)
 F - a +2 pair of boots of rampaging (melded)
 O - the +1 hat of Rotation (worn) {Rampage rElec Int+6}
   (You found it on level 4 of the Spider Nest)

   Int+6:     It affects your intelligence (+6).
   rElec:     It insulates you from electricity.
   Rampage:   It bestows one free step when moving towards enemies.
 V - a +1 ring mail of cold resistance (melded)
 W - the scarf of Jogeut (worn) {rC+ rF+, rPois}
   (You found it on level 4 of the Vaults)

   rPois:     It protects you from poison
 Z - a +8 tower shield (worn)
Jewellery
 c - the amulet of Vitality (around neck) {RegenMP++ Regen++}
   (You bought it in a shop on level 2 of the Orcish Mines)

   [amulet of magic regeneration]

   RegenMP:   It increases your rate of magic regeneration.
   Regen++:   It increases your rate of health regeneration.
 j - a +4 ring of protection
 q - a ring of protection from fire
 s - a ring of willpower
 x - the ring "Seudwucs" (right fist) {Drain rC+ rCorr Dex+6}
   (You took it off a frost giant on level 5 of the Vaults)

   [ring of dexterity]

   Dex+6:     It affects your dexterity (+6).
   rC+:       It protects you from cold.
   rCorr:     It protects you from acid and corrosion.
   Drain:     It drains your maximum health when unequipped.
 K - a +4 ring of slaying
 L - the ring of the Voracious God {rF+ Will- rCorr Str+2 Int+4}
   (You found it in a Gauntlet)

   [ring of protection from fire]

   Str+2:     It affects your strength (+2).
   Int+4:     It affects your intelligence (+4).
   rF+:       It protects you from fire.
   Will-:     It decreases your willpower.
   rCorr:     It protects you from acid and corrosion.
 M - the ring of Absolutism {rPois MP+9 Str+2 SInv}
   (You found it on level 12 of the Dungeon)

   [ring of see invisible]

   Str+2:     It affects your strength (+2).
   rPois:     It protects you from poison MP+9: It affects your magic capacity
   (+9).
   SInv:      It lets you see invisible.
 U - the ring "Roisaymi" (left fist) {rPois rF+ rN+ Str+3 Int+6}
   (You found it on level 5 of the Pits of Slime)

   [ring of intelligence]

   Str+3:     It affects your strength (+3).
   Int+6:     It affects your intelligence (+6).
   rF+:       It protects you from fire.
   rPois:     It protects you from poison rN+: It protects you from negative
   energy.
Talismans
 a - a granite talisman (active)
 G - a blade talisman
 J - a serpent talisman
Scrolls
 h - 3 scrolls of silence {!r}
 k - 21 scrolls of teleportation
 p - 6 scrolls of fear
 r - 5 scrolls of immolation
 t - 4 scrolls of poison
 u - 7 scrolls of vulnerability
 y - 15 scrolls of fog
 N - 7 scrolls of blinking
 P - 2 scrolls of revelation {!r}
Potions
 b - 4 potions of haste
 e - 10 potions of enlightenment
 g - 8 potions of ambrosia {!q}
 i - 10 potions of might
 m - 21 potions of curing
 v - 3 potions of lignification
 w - 6 potions of invisibility
 z - 10 potions of attraction
 A - 10 potions of heal wounds
 B - 12 potions of mutation
 C - 7 potions of resistance
 D - 6 potions of brilliance
 I - 7 potions of cancellation {!q}
 S - 2 potions of berserk rage {!q}
 X - 2 potions of magic


   Skills:
 + Level 22.1 Fighting
 - Level 10.0 Throwing
 - Level 20.0 Dodging
 - Level 12.0 Stealth
 - Level 20.0 Shields
 + Level 20.3 Unarmed Combat
 - Level 10.0 Spellcasting
 - Level 10.0 Translocations
 + Level 18.3 Shapeshifting


You had 36 spell levels left.
You knew the following spells:

 Your Spells              Type           Power      Damage    Failure   Level
a - Gell's Gravitas       Tloc           56%        N/A       1%          3
b - Manifold Assault      Tloc           56%        N/A       1%          4
f - Lesser Beckoning      Tloc           100%       N/A       1%          2
A - Apportation           Tloc           100%       N/A       1%          1

Your spell library contained the following spells:

 Spells                   Type           Power      Damage    Failure   Level
 Blink                    Tloc           100%       N/A       1%          2
 Momentum Strike          Conj/Tloc      72%        3d10      1%          2
 Teleport Other           Tloc           56%        N/A       1%          3
 Passage of Golubria      Tloc           56%        N/A       1%          4
 Volatile Blastmotes      Fire/Tloc      72%        2d16      3%          3
 Foxfire                  Conj/Fire      48%        2x1d6     9%          1
 Kiss of Death            Conj/Necr      48%        2d9       9%          1
 Magic Dart               Conj           48%        1d5       9%          1
 Necrotise                Necr           48%        1d6       9%          1
 Shock                    Conj/Air       48%        1d6       9%          1
 Sting                    Tmut/Pois      48%        1d5       9%          1
 Dimensional Bullseye     Hex/Tloc       18%        N/A       12%         4
 Iskenderun's Mystic Bla  Conj/Tloc      36%        2d9       12%         4
 Vhi's Electric Charge    Tloc/Air       72%        N/A       12%         4
 Cigotuvi's Dreadful Rot  Necr/Pois/Air  24%        N/A       14%         2
 Poisonous Vapours        Pois/Air       24%        N/A       14%         2
 Static Discharge         Conj/Air       24%        3-4/arc   14%         2
 Wereblood                Tmut           12%        N/A       14%         2
 Dispersal                Tloc           28%        N/A       22%         6
 Dazzling Flash           Conj/Hex       24%        N/A       26%         3
 Frozen Ramparts          Ice            24%        1d4       26%         3
 Ignite Poison            Fire/Tmut/Pois 12%        N/A       26%         3
 Inner Flame              Hex/Fire       12%        N/A       26%         3
 Mephitic Cloud           Conj/Pois/Air  12%        N/A       26%         3
 Ozocubu's Armour         Ice            12%        N/A       26%         3
 Stone Arrow              Conj/Erth      24%        3d8       26%         3
 Swiftness                Air            12%        N/A       26%         3
 Vampiric Draining        Necr           12%        2d6       26%         3
 Airstrike                Air            6%         2d(1-17)  65%         4
 Anguish                  Hex/Necr       6%         N/A       65%         4
 Brom's Barrelling Bould  Conj/Erth      12%        2d4       65%         4
 Cause Fear               Hex            6%         N/A       65%         4
 Flame Wave               Conj/Fire      12%        2d6       65%         4
 Fulminant Prism          Conj/Hex       6%         3d7       65%         4
 Leda's Liquefaction      Hex/Erth       6%         N/A       65%         4
 Olgreb's Toxic Radiance  Pois           12%        N/A       65%         4
 Petrify                  Tmut/Erth      12%        N/A       65%         4
 Sticky Flame             Conj/Fire      12%        2d4       65%         4
 Agony                    Necr           12%        N/A       94%         5
 Alistair's Intoxication  Tmut/Pois      8%         N/A       94%         5
 Arcjolt                  Conj/Air       6%         1d16      94%         5
 Borgnjor's Vile Clutch   Necr/Erth      6%         N/A       94%         5
 Fireball                 Conj/Fire      6%         3d5       94%         5
 Freezing Cloud           Conj/Ice/Air   6%         6-21      94%         5
 Irradiate                Conj/Tmut      6%         3d13      94%         5
 Iskenderun's Battlesphe  Conj           12%        2d7       94%         5
 Lee's Rapid Deconstruct  Erth           6%         3d6*      94%         5
 Metabolic Englaciation   Hex/Ice        6%         N/A       94%         5
 Silence                  Hex/Air        6%         N/A       94%         5
 Yara's Violent Unravell  Hex/Tmut       6%         3d5       94%         5
 Bombard                  Conj/Erth      6%         9d2       100%        6
 Conjure Ball Lightning   Conj/Air       6%         3x3d6     100%        6
 Eringya's Noxious Bog    Tmut/Pois      6%         4d6       100%        6
 Starburst                Conj/Fire      6%         6d4       100%        6
 Enfeeble                 Hex            6%         N/A       100%        7
 Ozocubu's Refrigeration  Ice            6%         4d8       100%        7
 Borgnjor's Revivificati  Necr           6%         N/A       100%        8
 Discord                  Hex            6%         N/A       100%        8
 Disjunction              Tloc           28%        N/A       100%        8
 Lehudib's Crystal Spear  Conj/Erth      6%         10d3      100%        8
 Maxwell's Capacitive Co  Air            6%         ∞         100%        8
 Chain Lightning          Conj/Air       6%         3d8       100%        9
 Fire Storm               Conj/Fire      6%         8d2       100%        9
 Polar Vortex             Ice            6%         N/A       100%        9
 Shatter                  Erth           6%         3d9*      100%        9
 Call Imp                 Summ           Unusable   N/A       N/A         2
 Sublimation of Blood     Necr           Unusable   N/A       N/A         2
 Tukima's Dance           Hex            Unusable   N/A       N/A         3
 Animate Armour           Summ/Erth      Unusable   N/A       N/A         4
 Animate Dead             Necr           Unusable   N/A       N/A         4
 Summon Lightning Spire   Summ/Air       Unusable   N/A       N/A         4
 Death Channel            Necr           Unusable   N/A       N/A         6
 Simulacrum               Ice/Necr       Unusable   N/A       N/A         6
 Malign Gateway           Summ/Tloc      Unusable   N/A       N/A         7
 Spellforged Servitor     Conj/Summ      Unusable   N/A       N/A         7
 Summon Hydra             Summ           Unusable   N/A       N/A         7
 Summon Horrible Things   Summ           Unusable   N/A       N/A         8

Dungeon Overview and Level Annotations

Branches:
Dungeon (15/15)            Temple (1/1) D:5            Lair (5/5) D:11
  Swamp (4/4) Lair:2       Spider (4/4) Lair:2        Slime (5/5) Lair:5
    Orc (2/2) D:12            Elf (3/3) Orc:2        Vaults (5/5) D:14
  Crypt (0/3) Vaults:3     Depths (4/4) D:15            Zot (5/5) Depths:4
  Sewer (visited)           IceCv (visited)         Gauntlet (visited)

Altars:
Ashenzari
Cheibriados
Dithmenos
Elyvilon
Gozag
Kikubaaqudgha
Makhleb
Nemelex Xobeh
Okawaru
Qazlal
Ru
Sif Muna
Trog
Uskayaw
Vehumet
Wu Jian
Xom
Zin
The Shining One

Shops:
D:4 *   D:6 ?   D:13 [(   D:14 [   Orc:2 *(=?[:   Elf:1 [   Elf:2 (   Elf:3 [*:
Vaults:1 :   Vaults:3 *   Vaults:4 *   Vaults:5 ?   Depths:1 (![[

Portals:
Hell: Depths:1 Depths:2 Depths:3 Depths:4
Abyss: Depths:1 Depths:3 Depths:4
Pandemonium: Depths:1 Depths:2
Ziggurat: Depths:3

Annotations:
Spider:3 1 runed translucent door, Mosmyvabb's ghost, journeyman FeSu
Vaults:2 1 runed translucent door, Oghesh's ghost, adept GrIE
Depths:1 6 transporters


Innate Abilities, Weirdness & Mutations

You are a living statue of rough stone.
Your actions are slow, but your melee attacks are powerful.
You are resistant to unholy torment.
Your maximum health is greatly increased.
Your equipment is partially melded.
You are immune to poison.
Your magical capacity is very low. (-20% MP)
You sometimes lose the ability to drink potions when taking damage.
You cannot study or use magical devices.
You are hated by all.
You cannot train Armour skill.
You have sharp toenails.
You are clumsy. (Dex -2)
Your body sometimes deteriorates upon taking damage.
You have hidden genetic potential.


Message History

The Hell Sentinel is heavily wounded.
The Hell Sentinel begins to attack, but is stunned by your conviction!
You pummel the Hell Sentinel like a punching bag!!!
You claw the Hell Sentinel, but do no damage.
The Hell Sentinel is almost dead.
You block the Hell Sentinel's attack. x2
You pound the Hell Sentinel into fine dust!!!
You kill the Hell Sentinel!
No target in view!
No target in view!
There is a stone staircase leading up, spattered with blood here.
You climb upwards.
There is a stone staircase leading down here.
Things that are here:
a +5 hand axe; 19 poisoned darts; a +0 sling A demonspawn blood saint, a balrug and a demonspawn black sun come into view.
The balrug is wielding a +1 demon whip of flaming.
You pulverise the demonspawn blood saint!!!
You claw the demonspawn blood saint.
The demonspawn blood saint is severely wounded.
You closely miss the demonspawn blood saint.
The demonspawn blood saint is severely wounded.
You squash the demonspawn blood saint like an ant!!!
You kill the demonspawn blood saint!
You rampage towards the balrug!
You pummel the balrug like a punching bag!!!
You claw the balrug!
The balrug is severely wounded.
The demonspawn black sun begins to pray, but is stunned by your conviction!
The balrug hits you with a +1 demon whip of flaming.
You are engulfed in flames.
You resist.
The demonspawn black sun utters an invocation to Kikubaaqudgha.
The balrug begins absorbing vital energies!
The demonspawn black sun begins absorbing vital energies!
You take 10 damage, and have 290/300 hp.
You punch the balrug!
The balrug is almost dead.
The balrug begins to attack, but is stunned by your conviction!
You block the demonspawn black sun's attack.
The balrug begins to attack, but is stunned by your conviction!
You regained 2 hp, and now have 292/300 hp.
You pound the balrug into fine dust!!!!
You kill the balrug!
You redirect the demonspawn black sun's attack!
The demonspawn black sun hits itself with a +0 demon trident!!
The demonspawn black sun is drained!
You regained 3 hp, and now have 295/300 hp.
You catch the helpless demonspawn black sun completely off-guard!
You pulverise the demonspawn black sun!!!!
You kill the demonspawn black sun!
You regained 2 hp, and now have 297/300 hp.
No target in view!
No target in view!
No target in view!
HP restored.
You see here a +1 demon whip of flaming.
Things that are here:
a stone; a +0 club; a +0 whip
There is a stone staircase leading up, spattered with blood here.
You see here a +0 club.
You climb upwards.
There is a stone staircase leading down, spattered with blood here.
You see here a scarf of shadows.
There is a stone staircase leading up here.
You climb upwards.
There is a stone staircase leading down here.
There is a stone staircase leading up here.
You climb upwards.
There is a stone staircase leading down here.
An Orb Guardian comes into view.
Health restored: 300 You rampage towards the Orb Guardian!
You pound the Orb Guardian into fine dust!!!
Your kick misses the Orb Guardian.
The Orb Guardian is severely wounded.
You block the Orb Guardian's attack.
You punch the Orb Guardian! You claw the Orb Guardian.
The Orb Guardian is almost dead.
The Orb Guardian misses you. You block the Orb Guardian's attack.
You pummel the Orb Guardian!!
You kill the Orb Guardian!
No target in view!
No target in view!
You see here a potion of degeneration.
There is a stone staircase leading up here.
You climb upwards.
There is a stone staircase leading down here.
An Orb Guardian comes into view.
You pummel the Orb Guardian like a punching bag!!!
Your kick misses the Orb Guardian.
The Orb Guardian is severely wounded.
You pummel the Orb Guardian like a punching bag!!!
You kill the Orb Guardian!
No target in view!
No target in view!
There is a stone staircase leading up here.
You climb upwards.
There is a stone staircase leading down here.
There is a staircase leading out of the dungeon here.
You have escaped!

....#.##.#.#.#######...#####
.................>.........#
....#.##.#.#.####.###..#####
....#.##.#.............#
....#.##.#.#.####.###..#
.............# #.###..######
......##.#.#.####........[..#
...................##..####.#
....####.#.#.#.>8..##.†####.#
...#####.#.#.####..##..##.#.#
)........#.#.#.##..##..##.#.###
..#####..#.#.#.##..##..##.....#
..## #..#.#.#.##..##..##.#.#.###
...# #..#.#.#.##..#.............
#..####..#.........#...##...#####
#...........................#
#.#####..###.#.##..#...##...#


There were no monsters in sight!

Vanquished Creatures
  the Royal Jelly (Slime:5)
  3 dread liches
  3 ancient liches
  5 orbs of fire
  A juggernaut (Depths:3)
  Josephina (Depths:4)
  the Lernaean hydra (Swamp:4)
  10 Killer Klowns
  Xtahua (Depths:4)
  5 curse toes
  6 caustic shrikes
  2 golden dragons
  A bone dragon (Depths:4)
  Norris (Elf:2)
  2 hellephants (Depths:3)
  Jorgrun (Spider:3)
  The ghost of dhlexpress the Imperceptible, a veteran SpBr of Okawaru (Depths:4)
  3 electric golems
  10 tentacled monstrosities
  A Hell Sentinel (D:7)
  Rupert (D:13)
  4 walking frostbound tomes
  30 Orb Guardians
  6 titans
  4 liches
  10 quicksilver dragons
  3 sphinxes
  2 deep elf blademasters
  A deep elf master archer (Elf:3)
  10 death cobs
  The ghost of wqsa789 the Metallomancer, an adept DEVM of Vehumet (Vaults:1)
  An ancient champion (Vaults:3)
  2 walking divine tomes
  10 acid blobs
  An Executioner (Zot:4)
  Kirke (Spider:4)
  13 shadow dragons
  Aizul (Elf:2)
  2 draconian monks
  16 rockslimes
  4 nagarajas (Depths:3)
  7 storm dragons
  Roxanne (Spider:4)
  2 fenstrider witches
  5 tengu reavers
  A thorn hunter (Swamp:4)
  8 azure jellies
  5 draconian knights
  4 fire giants
  17 vault wardens
  A balrug (D:6)
  7 deep elf sorcerers
  2 emperor scorpions (Spider:4)
  Louise (D:14)
  4 deep elf elementalists (Elf:3)
  3 frost giants
  3 orc warlords
  3 ghost moths (Spider:4)
  3 draconian scorchers
  4 spectral caustic shrikes (Depths:4)
  An iron dragon (Vaults:5)
  3 draconian annihilators
  A spriggan defender (Depths:2)
  3 war gargoyles
  11 quicksilver oozes
  11 very ugly things
  9 stone giants
  A demonspawn corrupter (Depths:1)
  4 draconian shifters
  8 ironbound thunderhulks
  6 formless jellyfish
  13 ironbound preservers
  A demonspawn blood saint (D:6)
  A broodmother (Spider:2)
  6 green draconians
  11 eleionomae
  8 deep elf demonologists
  8 deep elf annihilators
  10 spark wasps
  5 black draconians
  3 bunyips
  5 yellow draconians
  8 red draconians
  3 lorocyprocas
  3 demonspawn black suns
  4 dire elephants
  9 purple draconians
  8 white draconians
  A minotaur (Gauntlet)
  Snorg (Lair:5)
  A blizzard demon (Depths:3)
  5 deep elf death magi
  3 crystal guardians
  11 ettins
  2 shambling mangroves
  4 entropy weavers
  8 fire dragons
  17 yaktaur captains
  6 great orbs of eyes
  A quicksilver dragon skeleton (Depths:2)
  16 hydras
  3 ogre magi
  2 spriggan skeletons (Depths:2)
  9 deep elf high priests
  8 rakshasas
  3 caustic shrike simulacra (IceCv)
  4 spriggan air magi
  6 peacekeepers
  33 vault guards
  Erolcha (Orc:2)
  11 ironbound frosthearts
  6 ice dragons
  Erica (Lair:2)
  An anaconda (Depths:3)
  9 boulder beetles
  A radroach (Spider:1)
  7 centaur warriors
  5 ghost crabs
  5 sphinx skeletons (Depths:2)
  9 alligators
  10 two-headed ogres
  28 dancing weapons
  11 naga warriors (Depths:3)
  5 death yaks (Lair:3)
  A tengu warrior (Depths:3)
  5 deep troll earth magi
  Urug (D:14)
  2 vampire magi
  6 deep troll shamans
  8 demonic crawlers
  A shock serpent (shapeshifter) (Elf:1)
  10 hell hogs (Depths:3)
  9 spriggans
  8 spriggan berserkers
  A wretched star (Gauntlet)
  4 soul eaters (Zot:4)
  2 iron trolls (Depths:2)
  5 skysharks
  19 skeletal warriors (Depths:2)
  11 deep elf knights
  A spectral anaconda (Lair:5)
  3 sun moths
  Amaemon (Lair:1)
  3 spriggan druids
  2 pharaoh ants
  2 death drakes (Zot:4)
  2 orange crystal statues (IceCv)
  4 sea snakes (Depths:3)
  A goliath frog (Swamp:2)
  5 orb spiders
  7 arcanists
  42 deep trolls
  A shadow demon (Depths:2)
  18 ironbound convokers
  2 storm dragon skeletons
  15 swamp dragons
  4 glowing orange brains
  A golden dragon skeleton (Depths:2)
  2 deep trolls (shapeshifter) (Vaults:5)
  3 bog bodies (Swamp:2)
  9 deep elf archers
  A lindwurm (shapeshifter) (Vaults:5)
  37 deep elf pyromancers
  A steelbarb worm (Spider:3)
  10 orc knights
  18 deep elf zephyrmancers
  6 necromancers
  3 harpies (Vaults:2)
  4 phantasmal warriors
  An obsidian statue (Lair:5)
  2 mana vipers (Depths:3)
  15 lindwurms
  12 orc sorcerers
  17 wolf spiders
  3 shining eyes
  2 shadow dragon skeletons (Depths:2)
  16 moths of wrath
  A tengu skeleton (Depths:2)
  3 cyclopes
  3 manticores
  36 ugly things
  3 centaur zombies (D:15)
  A salamander (Depths:3)
  A will-o-the-wisp (Lair:2)
  6 kobold blastminers
  A dire elephant zombie (Lair:5)
  4 iron dragon skeletons (Depths:2)
  2 frost giant skeletons (Depths:2)
  20 vault sentinels
  Joseph (D:10)
  6 guardian serpents (Depths:3)
  7 black mambas
  A titan simulacrum (Depths:4)
  11 cane toads
  12 elephants
  4 molten gargoyles (D:15)
  6 naga magi (Depths:3)
  3 eyes of devastation
  4 torpor snails
  A cane toad (shapeshifter) (D:15)
  2 large abominations (Gauntlet)
  An orange demon (Lair:1)
  5 fire giant skeletons (Depths:2)
  2 smoke demons
  A gargoyle (D:11)
  An unseen horror (D:11)
  4 rime drakes
  A yaktaur (shapeshifter) (D:11)
  25 yaktaurs
  5 freezing wraiths
  4 komodo dragons
  A centaur skeleton (D:15)
  3 tengu conjurers
  A golden dragon simulacrum (IceCv)
  An ice devil (Zot:5)
  A guardian mummy (Zot:4)
  A polar bear (Lair:1)
  5 trolls
  2 anaconda simulacra (IceCv)
  17 tarantellas
  A meliai (shapeshifter) (Vaults:5)
  10 tyrant leeches
  A hellwing (Depths:4)
  A shadow dragon simulacrum (Depths:4)
  A tengu simulacrum (Depths:4)
  A wind drake (shapeshifter) (Depths:4)
  A meliai (D:11)
  A tarantella (shapeshifter) (Vaults:5)
  17 hornets
  Prince Ribbit (D:6)
  A glass eye (Slime:3)
  22 blink frogs
  24 jumping spiders
  8 dream sheep
  102 slime creatures
  14 flying skulls (Depths:2)
  An air elemental (Elf:3)
  2 centaur simulacra
  An ettin skeleton (Depths:2)
  22 culicivoras
  2 spriggans (shapeshifter)
  Sigmund (D:5)
  2 vampires
  7 water elementals
  2 wyverns (Lair:3)
  2 shadows
  18 humans
  44 yaks
  3 dire elephant simulacra (IceCv)
  3 fire elementals
  3 wraiths
  5 basilisks
  A steam dragon (D:6)
  30 vampire mosquitoes
  4 golden eyes (Slime:1)
  2 hogs
  3 neqoxecs
  37 redbacks
  A redback (shapeshifter) (Vaults:5)
  4 harpy simulacra (IceCv)
  A naga (Depths:3)
  A death yak simulacrum (Lair:5)
  8 wargs
  2 acid dragons (D:11)
  2 hydra simulacra (IceCv)
  14 swamp worms
  6 small abominations (Gauntlet)
  16 water moccasins
  Duvessa (D:7)
  5 swamp drakes (Swamp:4)
  A water moccasin (shapeshifter) (Vaults:5)
  A black bear (D:6)
  A human skeleton (Depths:2)
  A glowing shapeshifter skeleton (Depths:2)
  3 ice beasts
  23 orc warriors
  An ettin simulacrum (IceCv)
  A tengu (shapeshifter) (D:14)
  8 ogres
  12 centaurs
  2 crocodiles (Sewer)
  4 wolves (Lair:1)
  2 elephant skeletons (Lair:5)
  3 phantoms
  11 bullfrogs
  A glowing shapeshifter simulacrum (Depths:4)
  3 kobold brigands
  An earth elemental (Elf:1)
  3 gnoll sergeants
  2 cane toad simulacra (Lair:5)
  2 scorpions
  8 wights
  Dowan (D:7)
  23 killer bees
  4 howler monkeys
  3 electric eels
  An iron imp (D:14)
  2 hounds
  3 jellies
  A sleepcap (D:6)
  17 orc priests
  6 iguanas
  43 orc wizards
  A sickly merfolk siren (Sewer)
  5 hell rats (Lair:1)
  A malarious merfolk avatar (Sewer)
  14 gnolls
  5 river rats
  13 adders
  4 shadow imps
  A white imp (D:7)
  2 ufetubi
  A worm (D:2)
  2 dart slugs
  85 orcs
  2 bats
  6 endoplasms
  9 giant cockroaches
  5 goblins
  9 hobgoblins
  7 jackals
  7 quokkas
  10 ball pythons
  9 frilled lizards
  17 kobolds
  42 rats
  2 butterflies
2189 creatures vanquished.

Vanquished Creatures (others)
  A Killer Klown (Zot:5)
  A caustic shrike (Depths:3)
  Arachne (Spider:4)
  2 Orb Guardians (Zot:5)
  A deep elf blademaster (Elf:3)
  A death cob (Zot:2)
  A very ugly thing (Vaults:5)
  An entropy weaver (Vaults:4)
  A yaktaur captain (Vaults:5)
  3 hydras
  2 dancing weapons
  A swamp dragon (Swamp:2)
  A goliath frog (Swamp:2)
  2 deep trolls
  A deep elf archer (Elf:1)
  2 lindwurms
  2 deep elf zephyrmancers
  A wolf spider (D:11)
  A tarantella (Spider:2)
  A water elemental (Elf:1)
  2 vampire mosquitoes
  A water moccasin (Lair:2)
  An ogre (D:15)
  An orc priest (D:12)
  3 orc wizards (Orc:2)
  An ufetubus (D:7)
  4 orcs
  4 foxfires (Lair:2)
44 creatures vanquished.

Grand Total: 2233 creatures vanquished

Notes
Turn   | Place    | Note
-------+----------+-------------------------------------------
     0 | D:1      | EngineV8 the Human Shapeshifter began the quest for the
                  | Orb.
     0 | D:1      | Reached XP level 1. HP: 15/15 MP: 1/1
   126 | D:1      | Reached skill level 1 in Stealth
   324 | D:1      | Reached XP level 2. HP: 21/21 MP: 2/2
   794 | D:1      | Reached skill level 2 in Fighting
  1080 | D:2      | Reached XP level 3. HP: 28/28 MP: 3/3
  1143 | D:2      | Reached skill level 3 in Fighting
  1319 | D:2      | Reached XP level 4. HP: 35/35 MP: 4/4
  1799 | D:3      | Reached skill level 4 in Fighting
  1815 | D:3      | Found a glowing drain.
  1819 | Sewer    | Entered a sewer
  1835 | Sewer    | Reached XP level 5. HP: 38/42 MP: 5/5
  2112 | Sewer    | Noticed a crocodile
  2150 | Sewer    | Killed a crocodile
  2151 | Sewer    | Reached skill level 5 in Fighting
  2151 | Sewer    | Reached XP level 6. HP: 51/52 MP: 6/6
  2305 | Sewer    | Reached skill level 6 in Fighting
  2364 | Sewer    | Reached XP level 7. HP: 22/58 MP: 7/7
  2619 | D:3      | Found a stormy altar of Qazlal.
  3497 | D:4      | Reached XP level 8. HP: 40/65 MP: 8/8
  3803 | D:4      | Found Paamac's Gadget Gallery.
  3825 | D:4      | Bought a wand of paralysis (11) for 264 gold pieces
  4294 | D:4      | Reached skill level 1 in Evocations
  4852 | D:4      | Reached skill level 7 in Fighting
  5197 | D:4      | Found Paamac's Gadget Gallery.
  5767 | D:5      | Entered Level 5 of the Dungeon
  5767 | D:5      | Noticed a yak
  5767 | D:5      | Noticed a yak
  5767 | D:5      | Noticed a yak
  6101 | D:5      | Reached skill level 5 in Unarmed Combat
  6145 | D:5      | Found a broken altar of Ashenzari.
  6424 | D:5      | Noticed Sigmund
  6448 | D:5      | Killed Sigmund
  6449 | D:5      | Reached XP level 9. HP: 61/72 MP: 9/9
  6784 | D:5      | Found a staircase to the Ecumenical Temple.
  6795 | Temple   | Entered the Ecumenical Temple
  6803 | Temple   | Became a worshipper of Ru the Awakened
  6839 | D:5      | Reached skill level 8 in Fighting
  7170 | D:4      | Reached skill level 5 in Dodging
  7270 | D:5      | Reached skill level 5 in Shapeshifting
  8249 | D:6      | Found Vareumuz's Magic Scroll Shoppe.
  8252 | D:6      | Bought a scroll of enchant armour for 90 gold pieces
  8252 | D:6      | Bought a scroll of noise for 12 gold pieces
  8565 | D:6      | Reached XP level 10. HP: 70/80 MP: 10/10
  8657 | D:6      | Noticed Prince Ribbit
  8675 | D:6      | Killed Prince Ribbit
  8958 | D:6      | Fell from the grace of Ru
  8986 | Temple   | Became a worshipper of Ru the Awakened
  9393 | D:7      | Noticed a two-headed ogre
  9407 | D:7      | Killed a two-headed ogre
  9505 | D:7      | Noticed Duvessa
  9506 | D:7      | Noticed Dowan
  9513 | D:7      | Killed Duvessa
  9514 | D:7      | Reached skill level 9 in Fighting
  9534 | D:7      | Killed Dowan
 10023 | D:7      | Found a blossoming altar of Fedhas.
 10023 | D:7      | Found an iron altar of Okawaru.
 10030 | D:7      | Found an ancient bone altar of Kikubaaqudgha.
 10032 | D:7      | Found a glowing silver altar of Zin.
 10034 | D:7      | Found a burning altar of Makhleb.
 10392 | D:8      | Identified the +2 robe "Ynessixe" {Drain rCorr MP+9 Str+3}
 11219 | D:9      | Reached skill level 10 in Fighting
 11222 | D:9      | Reached XP level 11. HP: 65/90 MP: 11/11
 11474 | D:9      | Gained mutation: You occasionally lose the ability to drink
                  | potions when taking damage. [Ru sacrifice]
 11474 | D:9      | Gained mutation: You sometimes lose the ability to drink
                  | potions when taking damage. [Ru sacrifice]
 11474 | D:9      | Reached * piety under Ru
 11480 | D:9      | Found a hazy altar of Hepliaklqana.
 12111 | D:10     | Entered Level 10 of the Dungeon
 12328 | D:10     | Noticed Joseph
 12348 | D:10     | Killed Joseph
 12880 | D:10     | Reached skill level 11 in Fighting
 13198 | D:11     | Found a staircase to the Lair.
 13215 | D:11     | Noticed a two-headed ogre
 13223 | D:11     | Killed a two-headed ogre
 13373 | D:11     | Noticed a two-headed ogre
 13373 | D:11     | Noticed a rakshasa
 13648 | D:11     | Noticed a wolf spider
 13710 | D:11     | Identified the +6 rapier of Righteous Fury {pain, *Noise
                  | rPois rF+ Dex+2}
 13799 | D:4      | Bought a wand of paralysis (7) for 168 gold pieces
 14046 | D:11     | Reached skill level 10 in Dodging
 14298 | D:11     | Reached skill level 5 in Evocations
 14298 | D:11     | Reached XP level 12. HP: 102/102 MP: 12/12
 14423 | D:11     | Killed a two-headed ogre
 14606 | D:11     | Reached skill level 12 in Fighting
 14656 | D:11     | Killed a rakshasa
 14801 | D:11     | Noticed a boulder beetle
 14816 | D:11     | Killed a boulder beetle
 14907 | D:11     | Noticed a boulder beetle
 14931 | D:11     | Killed a boulder beetle
 15057 | D:11     | Gained mutation: You are hated by all. [Ru sacrifice]
 15057 | D:11     | Reached ** piety under Ru
 15057 | D:11     | Reached *** piety under Ru
 15343 | Lair:1   | Entered Level 1 of the Lair of Beasts
 16078 | Lair:1   | Noticed Amaemon
 16086 | Lair:1   | Reached skill level 13 in Fighting
 16086 | Lair:1   | Reached XP level 13. HP: 96/111 MP: 13/13
 16102 | Lair:1   | Killed Amaemon
 17025 | Lair:2   | Noticed Erica
 17041 | Lair:2   | Killed Erica
 17169 | Lair:2   | Found a staircase to the Swamp.
 17941 | Lair:2   | Gained mutation: You cannot study or use magical devices.
                  | [Ru sacrifice]
 17941 | Lair:2   | Reached **** piety under Ru
 17941 | Lair:2   | Reached ***** piety under Ru
 18183 | Lair:2   | Reached skill level 14 in Fighting
 18233 | Lair:2   | Found a hole to the Spider Nest.
 18388 | Lair:2   | Noticed a four-headed hydra
 18411 | Lair:2   | Killed a four-headed hydra
 18412 | Lair:2   | Reached skill level 10 in Unarmed Combat
 18923 | Lair:3   | Identified the +4 orcbow "Dusacra" {drain, rF+ Int+3}
 19132 | Lair:3   | Reached XP level 14. HP: 114/121 MP: 14/14
 19906 | Lair:3   | Gained mutation: You cannot train Armour skill. [Ru
                  | sacrifice]
 20315 | Lair:4   | You fall into a shaft and drop 1 floor!
 20315 | Lair:5   | Entered Level 5 of the Lair of Beasts
 20360 | Lair:5   | Noticed Snorg
 20414 | Lair:5   | Killed Snorg
 20415 | Lair:5   | Reached skill level 15 in Fighting
 20460 | Lair:5   | Found a gate leading to a gauntlet.
 20472 | Gauntlet | Entered a Gauntlet
 20472 | Gauntlet | Found a transporter.
 20472 | Gauntlet | Found a transporter.
 20474 | Gauntlet | Found a transporter.
 20474 | Gauntlet | Found a transporter.
 20477 | Gauntlet | Found a transporter.
 20515 | Gauntlet | Found a transporter.
 20518 | Gauntlet | Found a transporter.
 20518 | Gauntlet | Found a transporter.
 20526 | Gauntlet | Found a runed translucent door.
 20529 | Gauntlet | Found a runed translucent door.
 20532 | Gauntlet | Found a transporter.
 20548 | Gauntlet | Found a transporter.
 20555 | Gauntlet | Found a transporter.
 20572 | Gauntlet | Found a transporter.
 20593 | Gauntlet | Found a transporter.
 20601 | Gauntlet | Found a runed translucent door.
 20601 | Gauntlet | Found a runed translucent door.
 20605 | Gauntlet | Found a transporter.
 20904 | Gauntlet | Identified the +11 war axe of Blood {protect, rC+ rN+}
 20904 | Gauntlet | Noticed a minotaur
 20916 | Gauntlet | Killed a minotaur
 20920 | Gauntlet | Identified the ring of the Voracious God {rF+ Will- rCorr
                  | Str+2 Int+4}
 20928 | Gauntlet | Got the Handbook of the Harmful Vector
 21019 | Lair:5   | Identified the +6 shortbow "Curuw" {drain, rC+ Will+}
 21239 | Lair:4   | Learned a level 1 spell: Apportation
 21242 | Lair:4   | Learned a level 2 spell: Lesser Beckoning
 22004 | Lair:5   | Found a staircase to the Slime Pits.
 22257 | Lair:5   | Noticed a dire elephant
 22257 | Lair:5   | Noticed a dire elephant
 22258 | Lair:5   | Noticed a dire elephant
 22675 | Lair:5   | Reached skill level 16 in Fighting
 22862 | Lair:5   | Identified the +0 scale mail of the Assorted Xeniums {+Inv}
 22931 | Lair:5   | Reached XP level 15. HP: 122/131 MP: 15/15
 23531 | Lair:5   | Upgraded the game from 0.31-a0-1168-gf5c68a8 to
                  | 0.31-a0-1169-gd935f9f
 23853 | D:6      | Bought a scroll of fear for 48 gold pieces
 23853 | D:6      | Bought a scroll of identify for 24 gold pieces
 23853 | D:6      | Bought a scroll of identify for 24 gold pieces
 23855 | D:6      | Bought a scroll of torment for 114 gold pieces
 24075 | D:11     | Identified the +0 scale mail of Dishonesty {MP+9 Str+3
                  | Stlth-}
 24285 | D:12     | Identified the ring of Absolutism {rPois MP+9 Str+2 SInv}
 24306 | D:12     | Found the necklace of Bloodlust {Fury *Rage Will++ Int-3
                  | Slay+6}
 24721 | D:12     | Found a staircase to the Orcish Mines.
 25267 | D:13     | Found a white marble altar of Elyvilon.
 25356 | D:13     | Reached skill level 1 in Translocations
 25570 | D:13     | Found Ixuegrum's Antique Weapon Shoppe.
 25604 | D:13     | Found Biyhik's Antique Armour Boutique.
 25628 | D:13     | Noticed Rupert
 25691 | D:13     | Killed Rupert
 25954 | D:14     | Gained mutation: Your body sometimes deteriorates upon
                  | taking damage. [a neqoxec]
 25981 | D:14     | Found Fem Qaol's Armour Shoppe.
 26164 | D:14     | Noticed Louise
 26182 | D:14     | Killed Louise
 26506 | D:14     | Reached skill level 17 in Fighting
 26691 | D:14     | Noticed Urug
 26741 | D:14     | Killed Urug
 26838 | D:14     | Found a gate to the Vaults.
 27073 | D:15     | Entered Level 15 of the Dungeon
 27299 | D:15     | Reached XP level 16. HP: 109/141 MP: 16/16
 27515 | D:15     | Reached skill level 5 in Translocations
 27971 | D:15     | Reached skill level 15 in Dodging
 28266 | D:15     | Found a staircase to the Depths.
 28687 | Orc:1    | Entered Level 1 of the Orcish Mines
 29116 | Orc:1    | You fall into a shaft and drop 1 floor!
 29116 | Orc:2    | Entered Level 2 of the Orcish Mines
 29116 | Orc:2    | Found Molen's Jewellery Shoppe.
 29119 | Orc:2    | Found Jol Waubb's General Store.
 29128 | Orc:2    | Found Soxiu's Weapon Shop.
 29133 | Orc:2    | Found a staircase to the Elven Halls.
 29526 | Orc:2    | Found Wuclu's Distillery.
 29626 | Orc:2    | Reached skill level 18 in Fighting
 29659 | Orc:2    | Found Zajuj's Book Shop.
 29688 | Orc:2    | Found Reifoede's Book Boutique.
 29710 | Orc:2    | Found an ancient bone altar of Kikubaaqudgha.
 29792 | Orc:2    | Found a radiant altar of Vehumet.
 29792 | Orc:2    | Noticed Erolcha
 29840 | Orc:2    | Killed Erolcha
 29841 | Orc:2    | Reached skill level 10 in Shapeshifting
 30054 | Orc:2    | Found Fenuefosat's Antique Armour Shop.
 30071 | Orc:2    | Found Lakhuej's Magic Scroll Boutique.
 30081 | Orc:2    | Bought a shiny helmet for 142 gold pieces
 30092 | Orc:2    | Bought a masterwork buckler for 180 gold pieces
 30092 | Orc:2    | Identified the +0 buckler of the Furrier {Dex+2 SInv} (You
                  | bought it in a shop on level 2 of the Orcish Mines)
 30102 | Orc:2    | Bought a scroll of teleportation for 33 gold pieces
 30102 | Orc:2    | Bought a scroll of teleportation for 33 gold pieces
 30102 | Orc:2    | Bought a scroll of fog for 44 gold pieces
 30153 | Orc:2    | Bought the amulet "Ruresixt" {Reflect Rampage Dex+3 SH+5}
                  | for 649 gold pieces
 30381 | Spider:1 | Entered Level 1 of the Spider Nest
 30612 | Spider:1 | Reached skill level 5 in Stealth
 30752 | Spider:1 | You fall into a shaft and drop 1 floor!
 30889 | Spider:2 | Reached XP level 17. HP: 149/149 MP: 17/17
 33598 | Spider:3 | Noticed Mosmyvabb's ghost (journeyman FeSu)
 33601 | Spider:3 | Found a runed translucent door.
 33661 | Spider:3 | Noticed Jorgrun
 34271 | Spider:3 | Killed Jorgrun
 35762 | Spider:4 | Entered Level 4 of the Spider Nest
 35806 | Spider:4 | Noticed Roxanne
 35833 | Spider:4 | Killed Roxanne
 35928 | Spider:4 | Noticed Arachne
 35935 | Spider:4 | Noticed Kirke
 36197 | Spider:4 | Killed Kirke
 36207 | Spider:4 | Found a frozen archway.
 36211 | IceCv    | Entered an ice cave
 37572 | Spider:4 | Killed Arachne
 38491 | Spider:4 | Reached XP level 18. HP: 146/146 MP: 18/18
 38768 | Spider:4 | Reached skill level 10 in Stealth
 39630 | Spider:4 | Identified the +1 hat of Rotation {Rampage rElec Int+6}
 39820 | Spider:4 | Got a gossamer rune of Zot
 40118 | Swamp:1  | Entered Level 1 of the Swamp
 42047 | Swamp:2  | Found an ornate altar of the Wu Jian Council.
 42798 | Swamp:3  | Reached skill level 15 in Unarmed Combat
 42805 | Swamp:3  | Identified the +11 battleaxe "Donlisk" {freeze, rN+}
 42829 | Swamp:3  | Reached XP level 19. HP: 160/163 MP: 19/19
 42947 | Swamp:3  | Identified the +1 ring mail of the Unbroken {rElec rF-
                  | Regen+}
 43015 | Swamp:3  | Identified the +0 scale mail of Resourcefulness {Rampage
                  | *Corrode Int-2 Dex+9}
 43080 | Swamp:4  | Entered Level 4 of the Swamp
 43375 | Swamp:4  | Learned a level 3 spell: Gell's Gravitas
 44354 | Swamp:4  | Noticed the 27-headed Lernaean hydra
 44370 | Swamp:4  | Killed the 27-headed Lernaean hydra
 44711 | Swamp:4  | Got a decaying rune of Zot
 45318 | D:13     | Identified the amulet of Lirag {RegenMP rN+ Stlth+}
 45482 | Vaults:1 | Entered Level 1 of the Vaults
 45744 | Vaults:1 | Reached skill level 15 in Shapeshifting
 45763 | Vaults:1 | Gained mutation: Your magical capacity is low. (-10% MP)
                  | [Ru sacrifice]
 45763 | Vaults:1 | Reached ****** piety under Ru
 46058 | Vaults:1 | Found a large runed translucent door.
 46058 | Vaults:1 | Found a large runed translucent door.
 46060 | Vaults:1 | Noticed wqsa789's ghost (adept DEVM)
 46107 | Vaults:1 | Reached skill level 19 in Fighting
 46466 | Orc:2    | Bought a glowing leather armour for 95 gold pieces
 47574 | Vaults:1 | Reached XP level 20. HP: 162/163 MP: 18/18
 47897 | Vaults:1 | Found Fusun's Book Shop.
 48741 | Vaults:2 | Reached skill level 20 in Fighting
 49317 | Vaults:2 | Found a runed translucent door.
 49317 | Vaults:2 | Noticed Oghesh's ghost (adept GrIE)
 49722 | Vaults:2 | Identified the +6 dagger "Minong" {distort, rN+ rCorr
                  | Dex-5}
 49737 | Vaults:2 | Paralysed by a formless jellyfish for 1 turns
 50415 | Vaults:3 | Found a staircase to the Crypt.
 50622 | Vaults:3 | Identified the +5 quarterstaff of Fee Simple {freeze,
                  | Str+2}
 51240 | Vaults:3 | Identified the +5 scale mail of the Slashing Gods {Drain
                  | rN+ Dex+4}
 51634 | Vaults:3 | Reached XP level 21. HP: 183/183 MP: 18/18
 51990 | Vaults:3 | Found Ridop's Assorted Antiques.
 52157 | Vaults:4 | Paralysed by a formless jellyfish for 1 turns
 52633 | Vaults:4 | Found Ysiurur's Assorted Antiques.
 52637 | Vaults:4 | Bought a scroll of blinking for 240 gold pieces
 52698 | Vaults:4 | Identified the scarf of Jogeut {rC+ rF+, rPois}
 53758 | Depths:1 | Entered Level 1 of the Depths
 53758 | Depths:1 | Found a transporter.
 53758 | Depths:1 | Found a transporter.
 54022 | Depths:1 | Found a transporter.
 54024 | Depths:1 | Identified the +4 ring mail "Dubepote" {Rampage Str+2 Dex-4
                  | Stlth+}
 54026 | Depths:1 | Found a transporter.
 54033 | Depths:1 | Found a one-way gate leading to the halls of Pandemonium.
 54035 | Depths:1 | Found a transporter.
 54040 | Depths:1 | Found a transporter.
 54150 | Depths:1 | Found Zoecsuad's Antique Armour Emporium.
 54150 | Depths:1 | Found Biffuur's Distillery.
 54151 | Depths:1 | Found Meulaeh's Antique Armour Emporium.
 54153 | Depths:1 | Found Mamofet's Weapon Shoppe.
 54171 | Depths:1 | Found a gateway to Hell.
 54204 | Depths:1 | Found a one-way gate to the infinite horrors of the Abyss.
 54913 | Depths:2 | Reached XP level 22. HP: 190/190 MP: 19/19
 55653 | Depths:2 | Found a transporter.
 55655 | Depths:2 | Found a transporter.
 55659 | Depths:2 | Found a transporter.
 55674 | Depths:2 | Got the Textbook on Snow-white Violence
 56485 | Depths:2 | Reached skill level 1 in Shields
 56557 | Depths:2 | Found a transporter.
 56716 | Depths:3 | Noticed a caustic shrike
 56729 | Depths:3 | Killed a caustic shrike
 56856 | Depths:3 | Noticed a caustic shrike
 56862 | Depths:3 | Reached skill level 5 in Shields
 56865 | Depths:3 | Killed a caustic shrike
 57042 | Depths:3 | Noticed a juggernaut
 57057 | Depths:3 | Killed a juggernaut
 57278 | Depths:3 | Reached XP level 23. HP: 196/196 MP: 20/20
 57594 | Depths:3 | Reached skill level 10 in Shields
 57952 | Depths:3 | Found a one-way gateway to a ziggurat.
 58514 | Depths:4 | Entered Level 4 of the Depths
 58514 | Depths:4 | Noticed a caustic shrike
 58514 | Depths:4 | Noticed a caustic shrike
 58514 | Depths:4 | Noticed a caustic shrike
 58514 | Depths:4 | Noticed a caustic shrike
 58514 | Depths:4 | Noticed a caustic shrike
 58515 | Depths:4 | Noticed Xtahua
 58516 | Depths:4 | Killed a caustic shrike
 58517 | Depths:4 | Killed a caustic shrike
 58520 | Depths:3 | Killed a caustic shrike
 58521 | Depths:3 | Killed a caustic shrike
 58524 | Depths:3 | Killed a caustic shrike
 58591 | Depths:4 | Killed Xtahua
 59155 | Depths:4 | Noticed dhlexpress's ghost (veteran SpBr)
 59171 | Depths:4 | Found a runed translucent gate.
 59177 | Depths:4 | Found a runed translucent gate.
 59182 | Depths:4 | Found a runed translucent gate.
 59263 | Depths:4 | Found a gate to the Realm of Zot.
 59294 | Depths:4 | Identified the ring "Fiox" {Ice rElec rN+ Str+5 Stlth-}
 59294 | Depths:4 | Noticed Josephina
 59305 | Depths:4 | Killed Josephina
 59772 | Depths:4 | Reached XP level 24. HP: 184/184 MP: 20/20
 60039 | Depths:4 | Killed dhlexpress's ghost
 60040 | Depths:4 | Reached skill level 15 in Shields
 60064 | Depths:4 | Got the Spellbook of Indurated Snow
 60067 | Depths:4 | Got the Quarto of the Twisted Flock
 60457 | Vaults:5 | Entered Level 5 of the Vaults
 60498 | Vaults:5 | Noticed a dread lich
 60569 | Vaults:4 | Killed a dread lich
 60899 | Vaults:5 | Identified the +3 war axe "Dragon's Peril" {flame, *Noise
                  | rElec rN+ Int+4}
 60899 | Vaults:5 | Identified the +1 leather armour of Qyriuwaa {Dex+5}
 61071 | Vaults:5 | Identified the +0 plate armour of the Vacuum {Int+2 Stlth+}
 61174 | Vaults:5 | Identified the ring "Seudwucs" {Drain rC+ rCorr Dex+6}
 61467 | Vaults:5 | Identified the +0 leather armour of Roumiur {Int+3}
 61584 | Vaults:5 | Reached XP level 25. HP: 208/208 MP: 20/20
 61601 | Vaults:5 | Identified the +4 chain mail of Joy {rPois Int-4 Stlth+}
 62073 | Vaults:5 | Found Zuadd's Distillery.
 62088 | Vaults:5 | Found Piev Daetask's Magic Scroll Shop.
 62128 | Vaults:5 | Got a silver rune of Zot
 62803 | Orc:2    | Bought the amulet of Vitality {RegenMP++ Regen++} for 1500
                  | gold pieces
 62803 | Orc:2    | Found the amulet of Vitality {RegenMP++ Regen++}
 62856 | Elf:1    | Entered Level 1 of the Elven Halls
 63184 | Elf:1    | Found Hegai's Armour Shop.
 63192 | Elf:1    | Bought the +5 kite shield of the Boiling Point {Regen+} for
                  | 474 gold pieces
 63318 | Elf:1    | Found a runed translucent door.
 63367 | Elf:1    | You fall into a shaft and drop 1 floor!
 63378 | Elf:2    | Noticed Norris
 63826 | Elf:2    | Found Weho Kye's Antique Weapon Emporium.
 63953 | Elf:2    | Identified the serpent talisman of Sin {Slay+4}
 63953 | Elf:2    | Noticed Aizul
 63955 | Elf:2    | Found a runed translucent gate.
 63955 | Elf:2    | Found a runed translucent gate.
 63955 | Elf:2    | Found a runed translucent gate.
 63961 | Elf:2    | Killed Aizul
 64169 | Elf:2    | Killed Norris
 64493 | Elf:3    | Entered Level 3 of the Elven Halls
 64980 | Elf:3    | Found Vilih's Armour Shoppe.
 64982 | Elf:3    | Found Neutoqic's Assorted Antiques.
 64984 | Elf:3    | Found Jyudghep's Book Shoppe.
 65161 | Elf:3    | Identified the +1 mace of Ru's Delight {elec, Dex+2}
 65208 | Elf:3    | Identified the +5 long sword of Youthful Indiscretion
                  | {venom, Int+4}
 65231 | Elf:3    | Identified the +1 robe of Broken Taboos {rPois Regen+
                  | Archmagi}
 65310 | Elf:3    | Got the Lectures on Angles and the Dose
 65342 | Elf:3    | Identified the +4 orcbow of Exchange {flame, Str-2 Int+2
                  | Dex+3 Stlth+}
 65410 | Elf:3    | Reached skill level 1 in Throwing
 65945 | Vaults:1 | Killed wqsa789's ghost
 65946 | Vaults:1 | Reached XP level 26. HP: 219/219 MP: 20/20
 67679 | Slime:1  | Entered Level 1 of the Pits of Slime
 67791 | Slime:1  | Learned a level 4 spell: Manifold Assault
 67908 | Slime:2  | Reached skill level 1 in Spellcasting
 68810 | Depths:1 | Bought a potion of brilliance for 72 gold pieces
 68810 | Depths:1 | Bought 2 potions of cancellation for 288 gold pieces
 68810 | Depths:1 | Bought a potion of resistance for 180 gold pieces
 68810 | Depths:1 | Bought a potion of mutation for 144 gold pieces
 68810 | Depths:1 | Bought a potion of lignification for 54 gold pieces
 68810 | Depths:1 | Bought a potion of enlightenment for 90 gold pieces
 68810 | Depths:1 | Bought a potion of curing for 54 gold pieces
 68810 | Depths:1 | Bought a potion of curing for 54 gold pieces
 68810 | Depths:1 | Bought a potion of curing for 54 gold pieces
 68810 | Depths:1 | Bought a potion of curing for 54 gold pieces
 69107 | Vaults:5 | Bought a potion of mutation for 160 gold pieces
 69107 | Vaults:5 | Bought a potion of haste for 200 gold pieces
 69107 | Vaults:5 | Bought a potion of might for 80 gold pieces
 69107 | Vaults:5 | Bought a potion of ambrosia for 160 gold pieces
 69107 | Vaults:5 | Bought a potion of enlightenment for 100 gold pieces
 69107 | Vaults:5 | Bought a potion of lignification for 60 gold pieces
 69107 | Vaults:5 | Bought a potion of heal wounds for 100 gold pieces
 69107 | Vaults:5 | Bought a potion of curing for 60 gold pieces
 69121 | Vaults:5 | Bought a scroll of teleportation for 60 gold pieces
 69121 | Vaults:5 | Bought a scroll of revelation for 150 gold pieces
 69721 | Slime:3  | Gained mutation: Your magical capacity is very low. (-20%
                  | MP) [a shining eye]
 70210 | Slime:5  | Entered Level 5 of the Pits of Slime
 70481 | Slime:5  | Noticed the Royal Jelly
 70601 | Slime:5  | Killed the Royal Jelly
 70602 | Slime:5  | Reached skill level 5 in Throwing
 70717 | Slime:5  | Identified the +0 helmet "Udowk" {rPois Regen+}
 70728 | Slime:5  | Identified the ring "Roisaymi" {rPois rF+ rN+ Str+3 Int+6}
 70746 | Slime:5  | Identified the +10 plate armour of the Tuna {Harm rF+ Will+
                  | Str-4 Stlth+}
 70764 | Slime:5  | Got the Directory of Corpses
 70767 | Slime:5  | Got a slimy rune of Zot
 70799 | Slime:5  | Got Zaaq's Verses on the Repulsive Rocks
 70800 | Slime:5  | Identified the staff of Buixaceh {rPois Necro Earth Poison}
 70802 | Slime:5  | Identified the +3 hand cannon of Dawn {flame, rF- rN++}
 71194 | Zot:1    | Entered Level 1 of the Realm of Zot
 72446 | Orc:2    | Bought a scroll of enchant armour for 135 gold pieces
 72504 | Orc:2    | Bought a scroll of enchant armour for 82 gold pieces
 72906 | Zot:1    | Noticed an orb of fire
 72909 | Zot:1    | Gained mutation: You are clumsy. (Dex -2) [an orb of fire]
 72911 | Zot:1    | Gained mutation: You have hidden genetic potential. [an orb
                  | of fire]
 72919 | Zot:1    | Killed an orb of fire
 72974 | Zot:1    | Noticed an orb of fire
 72986 | Zot:1    | Killed an orb of fire
 73228 | Zot:1    | Reached skill level 10 in Translocations
 73591 | Depths:1 | Bought a pair of shimmering boots for 342 gold pieces
 73591 | Depths:1 | Identified the +0 pair of boots "Oveukk" {rC+} (You bought
                  | it in a shop on level 1 of the Depths)
 73721 | Zot:2    | Got Uschit's Catalogue of Conjury and Breccia
 73828 | Zot:2    | Reached skill level 5 in Spellcasting
 74796 | Zot:2    | Reached XP level 27. HP: 227/227 MP: 25/25
 74850 | Zot:3    | Reached skill level 21 in Fighting
 74910 | Zot:3    | Noticed a Killer Klown
 74911 | Zot:3    | Identified the amulet "Jielig" {Acrobat rElec rC+ Stlth+}
 74921 | Zot:3    | Killed a Killer Klown
 75430 | Zot:3    | Identified the +1 ring mail of Minor Irritation {rC+ MP+9}
 76016 | Zot:4    | Identified the +2 plate armour "Mehoutt" {Rampage rF+++
                  | Will+ Int-5}
 76023 | Zot:4    | Noticed an ancient lich
 76028 | Zot:4    | Killed an ancient lich
 76347 | Zot:4    | Noticed an ancient lich
 76360 | Zot:4    | Killed an ancient lich
 76492 | Zot:5    | Entered Level 5 of the Realm of Zot
 76933 | Zot:5    | Lost mutation: You are clumsy. (Dex -2) [hidden potential]
 76989 | Zot:5    | Noticed a Killer Klown
 76996 | Zot:5    | Noticed a dread lich
 77009 | Zot:5    | Killed a dread lich
 77030 | Zot:5    | Killed a Killer Klown
 77041 | Zot:5    | Noticed a Killer Klown
 77043 | Zot:5    | Noticed a Killer Klown
 77047 | Zot:5    | Reached skill level 10 in Throwing
 77049 | Zot:5    | Killed a Killer Klown
 77066 | Zot:5    | Killed a Killer Klown
 77070 | Zot:5    | Noticed a Killer Klown
 77072 | Zot:5    | Noticed an orb of fire
 77086 | Zot:5    | Killed an orb of fire
 77089 | Zot:5    | Killed a Killer Klown
 77097 | Zot:5    | Noticed a Killer Klown
 77097 | Zot:5    | Noticed an orb of fire
 77109 | Zot:5    | Killed an orb of fire
 77116 | Zot:5    | Killed a Killer Klown
 77190 | Zot:5    | Noticed a Killer Klown
 77191 | Zot:5    | Noticed a Killer Klown
 77195 | Zot:5    | Noticed a Killer Klown
 77196 | Zot:5    | Noticed a Killer Klown
 77198 | Zot:5    | Noticed a Killer Klown
 77202 | Zot:5    | Killed a Killer Klown
 77344 | Zot:5    | Paralysed by a Zot trap for 3 turns
 77354 | Zot:5    | Killed a Killer Klown
 77360 | Zot:5    | Killed a Killer Klown
 77398 | Zot:5    | Noticed an orb of fire
 77400 | Zot:5    | Noticed an ancient lich
 77405 | Zot:5    | Gained mutation: You are clumsy. (Dex -2) [an orb of fire]
 77410 | Zot:5    | Gained mutation: You are frail. (-10% HP) [an orb of fire]
 77412 | Zot:5    | Gained mutation: You occasionally lose the ability to read
                  | scrolls when taking damage. [an orb of fire]
 77420 | Zot:5    | Killed an orb of fire
 77421 | Zot:5    | Reached skill level 10 in Spellcasting
 77426 | Zot:5    | Killed an ancient lich
 77427 | Zot:5    | Lost mutation: You occasionally lose the ability to read
                  | scrolls when taking damage. [potion of mutation]
 77427 | Zot:5    | Lost mutation: You are frail. (-10% HP) [potion of
                  | mutation]
 77427 | Zot:5    | Gained mutation: You have sharp toenails. [potion of
                  | mutation]
 77475 | Zot:5    | Killed a Killer Klown
 77485 | Zot:5    | Noticed a dread lich
 77492 | Zot:5    | Killed a Killer Klown
 77495 | Zot:5    | Killed a dread lich
 77572 | Zot:5    | Got the Orb of Zot
 77940 | D:12     | Reached skill level 22 in Fighting
 78115 | D:$      | Escaped with the Orb!

Illustrated notes

Levels and vault maps discovered:
D:1:      dpeg_arrival_tiny_a, layout_basic, corexii_leaking_fountain
D:2:      kennysheep_six_static_rooms, layout_basic
D:3:      layout_rooms, nicolae_qazlal_scattered_showers, gup_sewer_entry_bowl,
          minmay_ruptured
D:4:      layout_loops_corners, serial_bayou, serial_bayou_pond_c,
          serial_bayou_pond_d, serial_bayou_pond_a, serial_bayou_pond_c,
          corexii_checkpoint, nicolae_shop_gadgets
D:5:      layout_cave_pools, nicolae_ashenzari_skybound,
          minmay_temple_entry_ruins, nicolae_sextant, uniq_sigmund
D:6:      layout_cave_pods, serial_shops, kennysheep_mini, st_stairs_9,
          uniq_prince_ribbit1
D:7:      layout_rooms, chequers_temple_overflow_minitemple, uniq_duvessa
D:8:      layout_layer_cave
D:9:      layout_basic, mainiacjoe_overflow_six_doors_small
D:10:     layout_long_grid, small_statue_intersection, minmay_door_square,
          uniq_joseph
D:11:     minmay_ornate_pinched, layout_basic, kennysheep_island_fort
D:12:     layout_basic, erik_orc_4, hellmonk_guarded_unrand_vitality_bloodlust
D:13:     minmay_the_grid_triangle_9x9_rhombus_thin
          [minmay_the_grid_triangle_9x9_corrupted_corridor,
          minmay_the_grid_triangle_9x9_prize_schism,
          minmay_the_grid_triangle_9x9_longest,
          minmay_the_grid_triangle_9x9_minimal], layout_basic, serial_shops,
          shop, nicolae_shop_hallway_stairs, nicolae_elyvilon_peaceful_grove,
          uniq_rupert
D:14:     kennysheep_demon_hangout, layout_irregular_city, david_vaults_3,
          serial_shops, shop, uniq_louise
D:15:     grunt_enter_depths_magical_seal, layout_rooms,
          nicolae_twisting_strands, nicolae_benzene_ring, minivault_8
Temple:   nicolae_temple_two_arcs
Lair:1:   layout_cave_pods, serial_forest, infiniplex_forest_zigzag_2,
          infiniplex_forest_end_1, infiniplex_forest_end_1,
          infiniplex_forest_clump_tiny, infiniplex_forest_join,
          infiniplex_forest_corner_1, infiniplex_forest_diagonal,
          infiniplex_forest_clump_double, infiniplex_forest_pool,
          infiniplex_forest_clump_medium, lemuel_fruit_tree, uniq_amaemon
Lair:2:   layout_chaotic_city, minmay_swamp_entry_worms,
          spider_nest_entry_rubble, lemuel_fruit_fields, lemuel_fruit_fields,
          uniq_erica
Lair:3:   layout_small_grid, serial_bayou_pond_e
Lair:4:   layout_small_grid, grunt_megastairs_4
Lair:5:   due_jungle_book, layout_long_grid, dpeg_slime_entry_enclosed,
          gauntlet_entry_generic, nicolae_quartered_pool_impasse, uniq_snorg
Swamp:1:  layout_basic_swamp, nicolae_swamp_trees_clearing,
          infiniplex_staircase_pool
Swamp:2:  layout_falls_marsh, basic_altar, nicolae_swamp_tree_isthmus
Swamp:3:  layout_basic_swamp, evilmike_swamp_ruin_house_3
Swamp:4:  swamp_old_school, layout_basic_swamp, swamp_pool_4
Spider:1: layout_spider_delve
Spider:2: layout_spider_delve
Spider:3: layout_chambers, hellmonk_ghost_happy_afterlife,
          hangedman_spider_tarantella_strand, uniq_jorgrun
Spider:4: spider_rune_water, portal_ice_cave_entry_pillars_four, uniq_roxanne,
          uniq_kirke, uniq_arachne
Slime:1:  layout_caves
Slime:2:  layout_caves
Slime:3:  layout_caves
Slime:4:  layout_caves, nicolae_slime_rock_hall_of_fame
Slime:5:  slime_pit_nicolae_jellycorners
Orc:1:    layout_caves, lightli_orcish_oven, uniq_urug
Orc:2:    kennysheep_orc_mage_school, layout_caves, serial_shops,
          nicolae_shop_bloodbath_and_beyond, shop, shop, shop
Elf:1:    eino_elf_arrival_customs, layout_rooms, serial_shops,
          nicolae_shop_pleasant_corner_grove,
          hangedman_elven_crosses_minicolossus, dreamdust_wishing_well,
          nicolae_danse_macabre
Elf:2:    elven_hall_of_blades_hangedman_original
          [infiniplex_blade_entry_pillars], layout_geoelf_grid, serial_shops,
          shop, uniq_aizul, uniq_norris
Elf:3:    minmay_elf_hall_curves, layout_gridlike, minmay_shop_star
Vaults:1: ebering_ghost_disaster_area, nicolae_vaults_alarming,
          nicolae_vaults_little_squares_5, ontoclasm_vaults_chip,
          nicolae_vaults_shipping_containers_4, vaults_room_corners,
          vaults_dpeg_ring, nicolae_vaults_closet_pinwheel_4,
          nicolae_vaults_house_1, layout_vaults_quadrants, serial_shops, shop
Vaults:2: gammafunk_ghost_grave, nicolae_vaults_more_shelving_2,
          nicolae_whirlpool, nicolae_vaults_theta, vaults_room_pools,
          nicolae_vaults_trapezoid_layered, nicolae_vaults_three_branches,
          nicolae_vaults_turnstiles, nicolae_vaults_cornered_office,
          hangedman_vaults_stitches, hangedman_vaults_corner_blocks,
          nicolae_vaults_apartment_1, layout_vaults_omnibox
Vaults:3: nicolae_vaults_border_crossing, minmay_crypt_entry_simple_round,
          v_rooms_4, hangedman_vaults_stretched_pinwheel,
          nicolae_vaults_tetromino_Z_1, v_misc_14, ontoclasm_vaults_gallery,
          v_alt_pattern_2, ontoclasm_vaults_fault, ontoclasm_vaults_ligature,
          layout_vaults_ring, serial_shops, nicolae_shop_getting_attention
Vaults:4: hangedman_vaults_snaps, nicolae_vaults_big_ls,
          nicolae_vaults_little_squares_5, ontoclasm_vaults_idyll,
          nicolae_vaults_heart-shaped_vault, nicolae_vaults_trapezoid_1,
          v_misc_1, v_misc_31, nicolae_vaults_closet_pinwheel_1,
          nicolae_vaults_little_squares_2, layout_vaults_maze_snakey,
          serial_shops, nicolae_shop_back_alley_shop
Vaults:5
Depths:1: layout_basic, hell_entry, abyss_entry, pan_entry, kennysheep_doodads,
          serial_nicolae_subway, nicolae_sub_station_crystal,
          nicolae_sub_station_metal, nicolae_sub_station_stone, minmay_shoptagon
Depths:2: minmay_skeleton_keep, layout_cross, grunt_hell_entry_dis_mu,
          rand_demon_pan_entry_8, nrook_campfire, solitary_fountain,
          nicolae_lava_and_water, nicolae_transporter_circle
Depths:3: minmay_bad_star, layout_gridville, enter_ziggurat_b, grunt_hell_horde,
          abyss_entry, minmay_serpent_palace
Depths:4: grunt_zot_entry_tricorne, layout_cave_pools, minmay_misc_feat_pillars,
          hellmonk_ghost_time_enough, pf_hell_entry_tar_river, abyss_entry,
          uniq_xtahua, uniq_josephina
Zot:1:    layout_onion, bh_zot_ikea_curve
Zot:2:    layout_basic
Zot:3:    layout_basic, regret_index_zotdec_serpentine_coiled,
          grunt_ministairs_2
Zot:4:    hangedman_snap_crack_crunch, layout_onion,
          regret_index_zotdec_silver_v_v_loose
Zot:5:    layout_gridlike

Skill      XL: |  1  2  3  4  5  6  7  8  9 10 11 12 13 14 15 16 17 18 19 20 21 22 23 24 25 26 27 |
---------------+----------------------------------------------------------------------------------+-----
Stealth        | 1 6 9 10 11 12 | 12.0
Fighting       | 2 3 4 5 6 7 8 10 11 13 14 16 17 18 19 20 22 | 22.1
Shapeshifting  | 4 6 7 10 12 13 15 16 17 18 | 18.3
Dodging        | 4 6 8 10 11 12 13 14 15 17 18 19 20 | 20.0
Unarmed Combat | 5 6 8 10 12 15 17 18 19 20 | 20.3
Evocations     | 3 5 0 |  0.0
Translocations | 4 5 6 8 10 | 10.0
Shields        | 8 14 18 20 | 20.0
Throwing       | 1 7 10 | 10.0
Spellcasting   | 5 10 | 10.0

Action                     |  1- 3 |  4- 6 |  7- 9 | 10-12 | 13-15 | 16-18 | 19-21 | 22-24 | 25-27 || total
---------------------------+-------+-------+-------+-------+-------+-------+-------+-------+-------++-------
  Melee: Unarmed           |    43 |    12 |   351 |   969 |  1536 |  1548 |  1229 |  1333 |  1720 ||  8741
         Punch             |     1 |     2 |    16 |       |     2 |       |   144 |    37 |       ||   202
         Hand axe          |       |   140 |     2 |       |       |       |       |       |       ||   142
         Constrict         |       |       |       |       |       |   198 |    53 |       |       ||   251
         Kick              |       |       |       |       |       |       |       |       |    44 ||    44
   Fire: Sling             |    47 |    22 |   122 |       |       |       |       |       |       ||   191
   Cast: Lesser Beckoning  |       |       |       |       |       |     1 |    14 |    13 |    19 ||    47
         Gell's Gravitas   |       |       |       |       |       |       |     7 |     2 |    23 ||    32
         Manifold Assault  |       |       |       |       |       |       |       |       |    58 ||    58
 Invoke: Renounce Religion |       |       |       |     1 |       |       |       |       |       ||     1
         Sacrifice Drink   |       |       |       |     1 |       |       |       |       |       ||     1
         Sacrifice Love    |       |       |       |     1 |       |       |       |       |       ||     1
         Draw Out Power    |       |       |       |       |     8 |     8 |     4 |    10 |     1 ||    31
         Power Leap        |       |       |       |       |     2 |     2 |     1 |     2 |     3 ||    10
         Sacrifice Artific |       |       |       |       |     1 |       |       |       |       ||     1
         Sacrifice Durabil |       |       |       |       |     1 |       |       |       |       ||     1
         Reject Sacrifices |       |       |       |       |       |     2 |       |       |       ||     2
         Apocalypse        |       |       |       |       |       |       |     6 |     6 |     2 ||    14
         Sacrifice Essence |       |       |       |       |       |       |     1 |       |       ||     1
Ability: Begin Untransform |       |       |       |       |       |     1 |     1 |       |       ||     2
  Evoke: Wand              |       |       |     4 |     4 |     2 |       |       |       |       ||    10
    Use: Scroll            |       |     5 |     3 |     5 |    14 |     1 |     3 |     5 |    18 ||    54
         Potion            |       |     3 |     2 |     2 |     4 |     5 |     1 |     6 |    11 ||    34
   Stab: Paralysed         |       |       |    11 |     5 |       |    14 |    15 |     8 |     6 ||    59
         Sleeping          |       |       |     2 |       |       |    22 |    35 |     2 |    22 ||    83
         Distracted        |       |       |       |     3 |     9 |    13 |    15 |    21 |    23 ||    84
         Invisible         |       |       |       |       |     9 |    12 |     9 |     6 |     7 ||    43
         Petrified         |       |       |       |       |     5 |       |       |       |       ||     5
         Fleeing           |       |       |       |       |       |       |       |     1 |       ||     1
 Armour: Animal skin       |    10 |       |       |       |       |       |       |       |       ||    10
         Ring mail         |    16 |    70 |   198 |       |       |       |   148 |       |       ||   432
         Skin              |       |     8 |     8 |   290 |   390 |   790 |   307 |   855 |   530 ||  3178
         Leather armour    |       |       |       |       |    10 |       |       |       |       ||    10
         Robe              |       |       |       |       |       |       |    15 |       |       ||    15
  Dodge: Dodged            |    25 |    76 |   202 |   984 |  1188 |  1277 |   909 |  1446 |   896 ||  7003
  Block: Other             |       |       |       |       |       |   171 |    50 |       |       ||   221
         Buckler           |       |       |       |       |       |       |       |    89 |       ||    89
         Kite shield       |       |       |       |       |       |       |       |   645 |   970 ||  1615
         Reflection        |       |       |       |       |       |       |       |     9 |    15 ||    24
         Tower shield      |       |       |       |       |       |       |       |       |   832 ||   832
   Form: Flux              |       |       |     1 |     1 |     6 |     1 |       |       |       ||     9
                           |       |       |       |     1 |     2 |       |       |       |       ||     3
         Beast             |       |       |       |       |     4 |       |       |       |       ||     4
         Serpent           |       |       |       |       |     1 |     4 |     4 |       |       ||     9
         Blade             |       |       |       |       |       |     2 |     4 |       |       ||     6
         Statue            |       |       |       |       |       |       |     4 |       |       ||     4

Table legend: (Time is in decaauts)
 A = Elapsed time spent in this place.
 B = Non-inter-level travel time spent in this place.
 C = Inter-level travel time spent in this place.
 D = Time resting spent in this place.
 E = Time spent auto-exploring this place.
 F = Levels seen in this place.
 G = Mean time per level.
                   A        B        C        D        E       F      G
               +--------+--------+--------+--------+--------+-----+--------+
         Total |  88707 |  73587 |  15120 |  19503 |  27092 |  56 | 1584.1 |
       Dungeon |  23599 |  18572 |   5027 |   5156 |   6632 |  15 | 1573.3 |
        Temple |     34 |     18 |     16 |      0 |      0 |   1 |   34.0 |
          Lair |   9664 |   7910 |   1754 |   2347 |   3105 |   5 | 1932.8 |
         Swamp |   4340 |   4030 |    310 |   1677 |    907 |   4 | 1085.0 |
   Spider Nest |   9142 |   8119 |   1023 |   2939 |   2984 |   4 | 2285.5 |
    Slime Pits |   2458 |   2324 |    134 |     99 |    451 |   5 |  491.6 |
  Orcish Mines |   3064 |   2013 |   1051 |    357 |    725 |   2 | 1532.0 |
   Elven Halls |   4554 |   3637 |    917 |     66 |   2239 |   3 | 1518.0 |
        Vaults |  12920 |  10100 |   2820 |   3301 |   3575 |   5 | 2584.0 |
        Depths |   9751 |   7949 |   1802 |   2130 |   2280 |   4 | 2437.8 |
           Zot |   6668 |   6406 |    262 |    201 |   4156 |   5 | 1333.6 |
         Sewer |    838 |    838 |      0 |    257 |     36 |   1 |  838.0 |
      Ice Cave |   1230 |   1230 |      0 |    890 |      0 |   1 | 1230.0 |
      Gauntlet |    439 |    439 |      0 |     79 |      0 |   1 |  439.0 |
               +--------+--------+--------+--------+--------+-----+--------+

Top non-repeatable levels by time:
Spider:3: 3572 daAuts
     D:4: 3407 daAuts
Vaults:1: 3406 daAuts
Depths:3: 3330 daAuts
    D:15: 2859 daAuts
    D:11: 2815 daAuts
Spider:4: 2686 daAuts
Vaults:4: 2574 daAuts
Vaults:5: 2522 daAuts
  Lair:5: 2466 daAuts
Vaults:3: 2410 daAuts
Depths:2: 2322 daAuts
  Lair:1: 2240 daAuts
Depths:4: 2145 daAuts
  Lair:2: 2126 daAuts
